 Dungeon Crawl Stone Soup version 0.29-a0-322-g68df515428 (webtiles) character file.

Game seed: 11634248792350573136

3 HotDog the Shield-Bearer (level 1, -1/14 HPs)
             Began as a Gargoyle Fighter on Apr 7, 2022.
             Slain by a goblin
             ... wielding a +0 club
              (2 damage)
             ... on level 1 of the Dungeon.
             The game lasted 00:00:09 (41 turns).

HotDog the Shield-Bearer (Gargoyle Fighter)           Turns: 41, Time: 00:00:10

Health: -1/14      AC:  9    Str: 19    XL:     1   Next: 50%
Magic:  1/1        EV:  9    Int:  8    God:
Gold:   0          SH:  4    Dex:  9    Spells: 0/0 levels left

rFire   . . .      SeeInvis .   a - +0 flail
rCold   . . .      Faith    .   c - +0 buckler
rNeg    + . .      Spirit   .   b - +0 scale mail
rPois   ∞          Reflect  .   (no helmet)
rElec   +          Harm     .   (no cloak)
rCorr   .          Rampage  .   (no gloves)
Will    .....                   (no boots)
Stlth   ..........              (no amulet)
HPRegen 0.04/turn               (no ring)
MPRegen 0.07/turn               (no ring)

@: no status effects
A: sickness immunity, AC +2, negative energy resistance 1, electricity
resistance, torment resistance 1, petrification resistance
a: no special abilities


You were on level 1 of the Dungeon.
You visited 1 branch of the dungeon, and saw 1 of its levels.

Inventory:

Hand Weapons
 a - a +0 flail (weapon)
Armour
 b - a +0 scale mail (worn)
 c - a +0 buckler (worn)
Potions
 d - a potion of might


   Skills:
 * Level 3.3 Fighting
 * Level 2.0 Maces & Flails
 * Level 3.3 Armour
 * Level 0.2 Dodging
 * Level 3.3 Shields


You couldn't memorise any spells.
You didn't know any spells.
Your spell library was empty.

Dungeon Overview and Level Annotations

Branches:
Dungeon (1/15)

Altars:


Innate Abilities, Weirdness & Mutations

You are immune to sickness and miasma.
Your stone body is resilient. (AC +2)
You are immune to poison.
You resist negative energy. (rN+)
You are resistant to electric shocks. (rElec)
You are resistant to unholy torment.
You are immune to petrification.


Message History

You block the quokka's attack.
The quokka bites you but does no damage.
A goblin comes into view. It is wielding a +0 club.
The goblin shouts!
The endoplasm closely misses you.
The goblin moves out of view.
You hit the quokka.
The quokka is moderately wounded.
The quokka bites you. The endoplasm misses you. The quokka barely misses you.
You hit the quokka.
You kill the quokka!
The endoplasm freezes you.
You are frozen.
You block the endoplasm's attack.
You are too injured to fight recklessly!
You are too injured to fight recklessly!
You are too injured to fight recklessly!
You hit the endoplasm.
The endoplasm is lightly wounded.
A ball python comes into view.
The endoplasm freezes you.
You are frozen.
* * * LOW HITPOINT WARNING * * *
Unknown command.
The ball python hisses angrily.
You hit the endoplasm but do no damage.
The endoplasm is lightly wounded.
The endoplasm hits you but does no damage.
You thump the endoplasm!
You kill the endoplasm!
The goblin hits you but does no damage.
A rat comes into view.
The goblin closely misses you.
You are too injured to fight recklessly!
You see here a quokka corpse.
The goblin attacks as you move away! The goblin hits you but does no damage.
The goblin attacks as you move away! The goblin closely misses you.
The ball python attacks as you move away!
The ball python bites you but does no damage.
You block the ball python's attack. The goblin hits you with a +0 club.
You die...

#⌠...⌠# #.#...#
#..<..# .#...# #.....#
.#...# #..>..# ....#
#⌠...⌠## ....#
######.##
#...#########.#
P♣P♣P♣##...##....##.##
.......@S## #.##..#.#
P♣P♣P♣##g.###.##...##
#########....#....###
#..........#......#
#.......)..##.....#
........†..########
#..........#
...........#
.?.........#


You could see a goblin and a ball python.

Vanquished Creatures
  An endoplasm (D:1)
  A quokka (D:1)
  A goblin (D:1)
3 creatures vanquished.

Notes
Turn   | Place    | Note
-------+----------+-------------------------------------------
     0 | D:1      | HotDog the Gargoyle Fighter began the quest for the Orb.
     0 | D:1      | Reached XP level 1. HP: 14/14 MP: 1/1
    41 | D:1      | Slain by a goblin

Illustrated notes

Levels and vault maps discovered:
D:1:      amcnicky_arrival_gap_in_the_tavern_cellar, layout_basic,
          hellmonk_ecumenical_altar_lost_god, dreamdust_princess_corridor

Action                   || total
-------------------------++-------
Melee: Flail             ||     9
Armor: Scale mail        ||    10
Dodge: Dodged            ||     8
Block: Buckler           ||     4

Table legend: (Time is in decaauts)
 A = Elapsed time spent in this place.
 B = Non-inter-level travel time spent in this place.
 C = Inter-level travel time spent in this place.
 D = Time resting spent in this place.
 E = Time spent auto-exploring this place.
 F = Levels seen in this place.
 G = Mean time per level.
                   A        B        C        D        E       F      G
               +--------+--------+--------+--------+--------+-----+--------+
         Total |     44 |     44 |      0 |      0 |     21 |   1 |   44.0 |
       Dungeon |     44 |     44 |      0 |      0 |     21 |   1 |   44.0 |
               +--------+--------+--------+--------+--------+-----+--------+

Top non-repeatable levels by time:
     D:1: 44 daAuts
